 Dungeon Crawl Stone Soup version 0.27-a0-660-g90476cec82 (webtiles) character file.

Game seed: 8443199335099955653

100 nightchill the Poker (level 4, 0/35 HPs)
             Began as a Merfolk Gladiator on Mar 16, 2021.
             Succumbed to a hobgoblin's poison
             ... on level 2 of the Dungeon.
             The game lasted 00:02:34 (1390 turns).

nightchill the Poker (Merfolk Gladiator)            Turns: 1390, Time: 00:02:35

Health: 0/35       AC:  7    Str: 14    XL:     4   Next: 73%
Magic:  4/4        EV: 10    Int:  8    God:
Gold:   41         SH:  0    Dex: 15    Spells: 3/3 levels left

rFire    . . .     SeeInvis .   a - +0 trident
rCold    . . .     Faith    .   (no shield)
rNeg     . . .     Spirit   .   e - +0 scale mail
rPois    .         Reflect  .   c - +0 helmet
rElec    .         Harm     .   (no cloak)
rCorr    .         Rampage  .   (no gloves)
Will     .....                  (no boots)
Stlth    ..........             (no amulet)
HPRegen  0.11/turn              (no ring)
MPRegen  0.09/turn              (no ring)

@: lethally poisoned (0 -> -5), flying
A: (nimble swimmer 2), mertail
a: no special abilities


You were on level 2 of the Dungeon.
You visited 1 branch of the dungeon, and saw 2 of its levels.

You collected 41 gold pieces.

Inventory:

Hand Weapons
 a - a +0 trident (weapon)
Missiles
 d - 3 throwing nets (quivered)
Armour
 b - a +0 leather armour
 c - a +0 helmet (worn)
 e - a +0 scale mail (worn)
 j - a +2 robe of willpower
Scrolls
 f - a scroll of amnesia {unknown}
 g - a scroll of enchant armour {unknown}
 h - a scroll of teleportation {unknown}
 k - a scroll of identify {unknown}


   Skills:
 + Level 3.4 Fighting
 * Level 6.8 Polearms
 - Level 2.0 Throwing
 - Level 4.0 Dodging


You had 3 spell levels left.
You didn't know any spells.
Your spell library was empty.

Dungeon Overview and Level Annotations

Branches:
Dungeon (2/15)

Altars:

Annotations:
D:2 Robin


Innate Abilities, Weirdness & Mutations

((You are quick and stealthy while swimming. (Stealth+, EV+, Speed+++)))
Your lower body shifts to a powerful aquatic tail in water.


Message History

You barely miss the goblin. The goblin misses you.
Reach: a) +0 trident
Press: ? - help, Dir - move target, f/p - goblin
Aim: a goblin (about 45% to evade your +0 trident)
You barely miss the goblin.
* * * LOW HITPOINT WARNING * * *
You feel sick. The goblin hits you but does no damage.
Reach: a) +0 trident
Press: ? - help, Dir - move target, f/p - goblin
Aim: a goblin (about 45% to evade your +0 trident)
Okay, then.
Reach: a) +0 trident
Press: ? - help, Dir - move target, f/p - goblin
Aim: a goblin (about 45% to evade your +0 trident)
You puncture the goblin!
You kill the goblin!
* * * LOW HITPOINT WARNING * * *
You feel sick.
Reach: a) +0 trident
Press: ? - help, Dir - move target, f - goblin
Aim: a goblin, wielding a +0 dagger (about 45% to evade your +0 trident)
You puncture the goblin!
You kill the goblin!
The goblin shoots a stone.
The stone hits you but does no damage.
Reach: a) +0 trident
Press: ? - help, Dir - move target, f - goblin
Aim: a goblin, wielding a +0 hunting sling and quivering stones (about 47% to evade your +0 trident)
You reach to attack!
You closely miss the goblin.
* * * LOW HITPOINT WARNING * * *
You feel sick.
The goblin shoots a stone.
The stone closely misses you.
Reach: a) +0 trident
Press: ? - help, Dir - move target, f/p - goblin
Aim: a goblin, wielding a +0 hunting sling and quivering stones (about 47% to evade your +0 trident)
You reach to attack!
You hit the goblin.
You kill the goblin!
There is a lethal amount of poison in your body!
* * * LOW HITPOINT WARNING * * *
You feel sick.
Unknown command.
You die...

#.......# ...#.#
#..g.... #####.#
.#...... #.....#
.#..... #.#####
...... #.#
.....#### #.#
........# #.#
.....g..# #.#
.....)..# #@#
####...g########)#
#.....gg†gg..)#
##..g##########
###...#####
#..........#
#..........#
#..........#
#..........#


There were no monsters in sight!

Vanquished Creatures
  Jessica (D:2)
  2 adders (D:2)
  An ooze (D:1)
  A worm (D:2)
  A dart slug (D:1)
  A leopard gecko (D:2)
  4 bats
  A giant cockroach (D:2)
  10 goblins
  8 hobgoblins
  A ball python (D:2)
  3 frilled lizards (D:1)
  6 kobolds
  5 rats
45 creatures vanquished.

Notes
Turn   | Place    | Note
-------+----------+-------------------------------------------
     0 | D:1      | nightchill the Merfolk Gladiator began the quest for the
                  | Orb.
     0 | D:1      | Reached XP level 1. HP: 16/16 MP: 1/1
   193 | D:1      | Reached XP level 2. HP: 23/23 MP: 2/2
   313 | D:1      | Reached skill level 5 in Polearms
   594 | D:1      | Reached XP level 3. HP: 23/28 MP: 3/3
  1165 | D:2      | Noticed Jessica
  1173 | D:2      | Killed Jessica
  1174 | D:2      | Reached skill level 6 in Polearms
  1174 | D:2      | Reached XP level 4. HP: 35/35 MP: 4/4
  1355 | D:2      | Identified the +0 helmet of Momyve {rPois rN+ Str-5 Int+3}
  1355 | D:2      | Noticed Robin
  1386 | D:2      | HP: 1/35 [poisoned by a hobgoblin]
  1390 | D:2      | Succumbed to a hobgoblin's poison

Illustrated notes

Levels and vault maps discovered:
D:1:      evilmike_arrival_rings, layout_basic
D:2:      layout_basic, gammafunk_temple_of_torment, grunt_decor_cap,
          uniq_robin, uniq_jessica

Skill      XL: |  1  2  3 |
---------------+----------+-----
Polearms       | 5 6 |  6.8
Fighting       | 3 |  3.4
Throwing       | |  2.0
Dodging        | |  4.0

Action                   |  1- 3 |  4- 6 || total
-------------------------+-------+-------++-------
Melee: Trident           |    89 |    51 ||   140
  Use: Potion            |       |     1 ||     1
Armor: Scale mail        |    20 |    16 ||    36
       Leather armour    |     1 |       ||     1
Dodge: Dodged            |    31 |    14 ||    45

Table legend: (Time is in decaauts)
 A = Elapsed time spent in this place.
 B = Non-inter-level travel time spent in this place.
 C = Inter-level travel time spent in this place.
 D = Time resting spent in this place.
 E = Time spent auto-exploring this place.
 F = Levels seen in this place.
 G = Mean time per level.
                   A        B        C        D        E       F      G
               +--------+--------+--------+--------+--------+-----+--------+
         Total |   1391 |   1312 |     79 |    205 |    847 |   2 |  695.5 |
       Dungeon |   1391 |   1312 |     79 |    205 |    847 |   2 |  695.5 |
               +--------+--------+--------+--------+--------+-----+--------+

Top non-repeatable levels by time:
     D:1: 1094 daAuts
     D:2: 296 daAuts
